 Dungeon Crawl Stone Soup version 0.28-a0-769-g550dbda0cd (webtiles) character file.

Game seed: 7145522191104217833

392 Armakuni the Changer (level 6, -19/33 HPs)
             Began as a Vine Stalker Transmuter on Oct 31, 2021.
             Killed from afar by Pikel (31 damage)
             ... with a bolt of acid
             ... on level 3 of the Dungeon.
             The game lasted 00:06:49 (3887 turns).

Armakuni the Changer (Vine Stalker Transmuter)      Turns: 3887, Time: 00:06:50

Health: -19/33     AC:  2    Str: 13    XL:     6   Next: 80%
Magic:  0/10       EV: 19    Int: 15    God:
Gold:   50         SH:  5    Dex: 19    Spells: 1/9 levels left

rFire   . . .      SeeInvis .     - Unarmed
rCold   . . .      Faith    .   (shield currently unavailable)
rNeg    + . .      Spirit   +   (armour currently unavailable)
rPois   x          Reflect  +   (helmet currently unavailable)
rElec   .          Harm     .   (cloak currently unavailable)
rCorr   .          Rampage  .   (gloves currently unavailable)
Will    .....                   (boots currently unavailable)
Stlth   ++........              H - amulet of reflection
HPRegen 1.11/turn               N - ring of positive energy
MPRegen 0.12/turn               (no ring)

@: spider-form
A: venomous fangs, tiny, (fangs 2), regeneration 1, magic shield, (antimagic
bite), no potion heal 2
a: End Transformation


You were on level 3 of the Dungeon.
You were a venomous arachnid creature.
You visited 1 branch of the dungeon, and saw 4 of its levels.

You collected 50 gold pieces.

Inventory:

Hand Weapons
 b - a +1 dagger of venom
 m - a +3 quarterstaff of chaos
Armour
 c - a +0 helmet (melded)
 d - a +2 robe of positive energy (melded)
 g - a +1 pair of gloves (melded)
 k - a +1 cloak of preservation (melded)
Jewellery
 H - an amulet of reflection (around neck)
 N - a ring of positive energy (left front leg)
Scrolls
 a - a scroll of teleportation
 l - a scroll of fear {unknown}
Potions
 e - a potion of cancellation {unknown}
 f - a potion of ambrosia {unknown}
 h - a potion of haste
 i - a potion of attraction {unknown}
 j - a potion of flight {unknown}


   Skills:
 + Level 4.3 Fighting
 - Level 1.5 Dodging
 - Level 3.0 Unarmed Combat
 - Level 2.1 Spellcasting
 + Level 5.1 Transmutations


You had one spell level left.
You knew the following spells:

 Your Spells              Type           Power      Damage    Failure   Level
a - Beastly Appendage     Tmut           34%        N/A       10%         1
h - Spider Form           Tmut/Pois      4%         N/A       43%         3
n - Ice Form              Ice/Tmut       9%         N/A       78%         4

Your spell library contained the following spells:

 Spells                   Type           Power      Damage    Failure   Level
 Sandblast                Erth           2%         2d4       43%         1
 Shock                    Conj/Air       4%         1d3       43%         1
 Wereblood                Tmut           17%        N/A       13%         2
 Passwall                 Tmut/Erth      7%         N/A       28%         2
 Stone Arrow              Conj/Erth      2%         3d7       75%         3
 Swiftness                Air            1%         N/A       75%         3
 Airstrike                Air            0%         N/A       98%         4


Dungeon Overview and Level Annotations

Branches:
Dungeon (4/15)
 Temple: D:4-7

Altars:

Annotations:
D:3 Pikel


Innate Abilities, Weirdness & Mutations

You are a venomous arachnid creature.
You have poisonous fangs.
You are tiny and dextrous.
Your spellcasting is less reliable in this form.
Your armour is entirely melded.
You are incapable of wielding weapons or throwing items.
((You have extremely sharp teeth.))
Your natural rate of healing is unusually fast.
When hurt, damage is shared between your health and your magic reserves.
((Your bite disrupts and absorbs the magic of your enemies.))
Potions cannot restore your health.


Message History

You finish putting on your +1 cloak of preservation.
There is an open translucent door here.
Done exploring.
There is an open translucent door here.
You see here the gnoll corpse of Crazy Yiuf.
You see here a +0 spear.
There is a stone staircase leading down here.
You climb downwards.
The lemure shouts! x3; Pikel shouts!
There is a stone staircase leading up here.
You block the lemure's attack. Pikel hits you but does no damage.
The lemure barely misses you.
You climb upwards.
There is a stone staircase leading down here.
The lemure hits you. You block Pikel's attack.
The lemure completely misses you.
Casting: Spider Form (quite dangerous; 22% risk of failure)
Confirm with . or Enter, or press ? or * to list all spells.
The spell is quite dangerous to cast (22% risk of failure)!
Continue anyway?
You turn into a venomous arachnid creature.
Your +1 cloak of preservation melds into your body.
Your +0 helmet melds into your body.
Your +1 pair of gloves melds into your body.
Your +2 robe of positive energy melds into your body.
You feel less protected from negative energy.
The lemure hits you.
You hit the lemure but do no damage.
The lemure is poisoned.
The lemure misses you.
You hit the lemure but do no damage.
The lemure looks as sick as possible!
You hit Pikel.
Pikel is poisoned.
Pikel is lightly wounded.
You hit Pikel but do no damage.
Pikel looks as sick as possible!
Pikel is lightly wounded.
Pikel zaps a wand.
The bolt of acid hits you!!
Ouch! That really hurt!
You hit Pikel but do no damage.
Pikel is lightly wounded.
Pikel zaps a wand.
The bolt of acid hits you!!
Ouch! That really hurt!
You die...

#.#.# #.#### ######
#.#.# #....# #.#.#
####.# #.#.# #.#
#.#.### #.# #.>..5#
#.# ##.##5# #.#
#.##K# #.# #^##s#
#.# #.##.######.#
#.##.....)..########
#..................#
###...########.....#
#.#..........#.###
#...########...#
##.## ###.# #.# #.#


You could see Pikel (extremely poisoned) and 2 lemures.

Vanquished Creatures
  Grinder (D:3)
  Crazy Yiuf (D:3)
  Jessica (D:2)
  An orc wizard (D:3)
  Robin (D:2)
  3 adders
  3 dart slugs
  2 orcs (D:3)
  3 endoplasms
  5 giant cockroaches
  14 goblins
  6 hobgoblins
  4 jackals (D:1)
  6 kobolds
  8 quokkas
  6 ball pythons
  3 bats (D:1)
  5 frilled lizards
  4 rats
77 creatures vanquished.

Vanquished Creatures (collateral kills)
  A rat (D:3)
1 creature vanquished.

Grand Total: 78 creatures vanquished

Notes
Turn   | Place    | Note
-------+----------+-------------------------------------------
     0 | D:1      | Armakuni the Vine Stalker Transmuter began the quest for
                  | the Orb.
     0 | D:1      | Reached XP level 1. HP: 9/9 MP: 4/4
    32 | D:1      | Reached skill level 1 in Fighting
   479 | D:1      | Reached XP level 2. HP: 12/14 MP: 3/6
  1021 | D:1      | Reached XP level 3. HP: 12/18 MP: 5/7
  1561 | D:2      | Noticed Jessica
  1589 | D:1      | Learned a level 3 spell: Spider Form
  1917 | D:2      | Killed Jessica
  1918 | D:2      | Reached skill level 3 in Transmutations
  1918 | D:2      | Gained mutation: Your natural rate of healing is unusually
                  | fast. [Vine Stalker growth]
  1918 | D:2      | Reached XP level 4. HP: 20/23 MP: 8/8
  2002 | D:2      | Noticed Robin
  2030 | D:2      | Killed Robin
  2408 | D:2      | Reached XP level 5. HP: 22/28 MP: 3/9
  2614 | D:2      | Found a faded altar of an unknown god.
  3021 | D:3      | Reached skill level 4 in Transmutations
  3173 | D:3      | Learned a level 4 spell: Ice Form
  3270 | D:3      | Noticed Grinder
  3280 | D:3      | Killed Grinder
  3281 | D:3      | Reached skill level 5 in Transmutations
  3281 | D:3      | Reached XP level 6. HP: 33/33 MP: 10/10
  3515 | D:3      | Found a runed translucent door.
  3516 | D:3      | Noticed Crazy Yiuf
  3814 | D:3      | Killed Crazy Yiuf
  3874 | D:4      | Noticed Pikel
  3887 | D:3      | Killed from afar by Pikel

Illustrated notes

Levels and vault maps discovered:
D:1:      dpeg_arrival_arbitrary_c, layout_loops_corners
D:2:      minmay_recursive_quarters, layout_loops_ring,
          hellmonk_ecumenical_altar_pennies_from_heaven, uniq_jessica,
          uniq_robin
D:3:      layout_loops_ring, kennysheep_big_empty_room, uniq_crazy_yiuf_cottage,
          uniq_grinder
D:4:      layout_basic, minmay_temple_entry_enclosed_plants, uniq_pikel

Skill      XL: |  1  2  3  4  5 |
---------------+----------------+-----
Fighting       | 1 2 3 4 |  4.3
Transmutations | 3 5 |  5.1
Dodging        | |  1.5
Unarmed Combat | |  3.0
Spellcasting   | |  2.1

Action                   |  1- 3 |  4- 6 || total
-------------------------+-------+-------++-------
Melee: Unarmed           |    74 |    30 ||   104
       Headbutt          |    17 |     6 ||    23
       Kick              |    12 |     9 ||    21
       Bite              |    12 |    23 ||    35
       Punch             |     2 |     1 ||     3
       Dagger            |     5 |    86 ||    91
 Cast: Beastly Appendage |    21 |     5 ||    26
       Spider Form       |       |     3 ||     3
  Use: Scroll            |     1 |     2 ||     3
       Potion            |       |     1 ||     1
 Stab: Sleeping          |       |     3 ||     3
Armor: Robe              |    11 |    19 ||    30
       Skin              |       |     4 ||     4
Dodge: Dodged            |    40 |    43 ||    83
Block: Other             |       |    20 ||    20

Table legend: (Time is in decaauts)
 A = Elapsed time spent in this place.
 B = Non-inter-level travel time spent in this place.
 C = Inter-level travel time spent in this place.
 D = Time resting spent in this place.
 E = Time spent auto-exploring this place.
 F = Levels seen in this place.
 G = Mean time per level.
                   A        B        C        D        E       F      G
               +--------+--------+--------+--------+--------+-----+--------+
         Total |   3883 |   3764 |    119 |    682 |   2421 |   4 |  970.8 |
       Dungeon |   3883 |   3764 |    119 |    682 |   2421 |   4 |  970.8 |
               +--------+--------+--------+--------+--------+-----+--------+

Top non-repeatable levels by time:
     D:1: 1905 daAuts
     D:2: 1017 daAuts
     D:3: 959 daAuts
     D:4: 1 daAuts
